 Dungeon Crawl Stone Soup version 0.27-a0-1090-gb115f176c6 (webtiles) character file.

Game seed: 11332842454226686639

380 sizableburger the Chucker (level 6, 0/48 HPs)
             Began as a Mummy Hunter on Apr 28, 2021.
             Killed from afar by an orc wizard (4 damage)
             ... with a puff of flame
             ... on level 5 of the Dungeon.
             The game lasted 00:08:27 (3596 turns).

sizableburger the Chucker (Mummy Hunter)            Turns: 3596, Time: 00:08:28

Health: 0/48       AC:  8    Str: 23    XL:     6   Next: 46%
Magic:  6/6        EV: 10    Int: 11    God:
Gold:   116        SH:  0    Dex: 12    Spells: 5/5 levels left

rFire    . . .     SeeInvis .   f - +0 quarterstaff (drain)
rCold    + . .     Faith    .   (shield currently unavailable)
rNeg     + + +     Spirit   .   j - +1 scale mail {rF+}
rPois    ∞         Reflect  .   (no helmet)
rElec    .         Harm     .   (no cloak)
rCorr    .         Rampage  .   (no gloves)
Will     .....                  k - +0 pair of boots
Stlth    ..........             (no amulet)
HPRegen  0.16/turn              e - +6 ring of strength
MPRegen  0.10/turn              (no ring)

@: no status effects
A: cold resistance 1, negative energy resistance 3, torment resistance 2,
unbreathing 1, heat vulnerability 1, no potions
a: no special abilities


You were on level 5 of the Dungeon.
You visited 1 branch of the dungeon, and saw 5 of its levels.

You collected 116 gold pieces.

Inventory:

Hand Weapons
 f - a +0 quarterstaff of draining (weapon)
 g - a +1 vorpal mace
 i - a +2 dagger of venom
Missiles
 h - 127 stones (quivered)
Armour
 j - a +1 scale mail of fire resistance (worn)
 k - a +0 pair of boots (worn)
Jewellery
 e - a +6 ring of strength (left hand)
Scrolls
 l - a scroll of brand weapon
 m - 2 scrolls of teleportation
 o - a scroll of identify


   Skills:
 + Level 3.9 Fighting
 - Level 1.1 Short Blades
 - Level 0.5(1.3) Maces & Flails
 + Level 2.0(2.1) Staves
 + Level 4.3 Throwing
 + Level 2.1 Armour
 - Level 1.5 Dodging
 - Level 0.7 Stealth


You had 5 spell levels left.
You didn't know any spells.
Your spell library was empty.

Dungeon Overview and Level Annotations

Branches:
Dungeon (5/15)
 Temple: D:4-7

Altars:
Uskayaw

Shops:
D:2 =   D:3 *

Annotations:
D:4 3 runed translucent doors, Splishie's ghost, weakling GnWn


Innate Abilities, Weirdness & Mutations

You are immune to poison.
Your flesh is cold resistant. (rC+)
You are immune to negative energy. (rN+++)
You are immune to unholy pain and torment.
You can survive without breathing.
You are vulnerable to heat. (rF-)
You do not drink.


Message History

Something hits you but does no damage.
You hit the hound.
The hound is lightly wounded.
The hound misses you. The hound bites you but does no damage.
You hear some strange, mumbled words.
Something tries to affect you, but you resist.
The scorpion stings you but does no damage.
Okay, then.
You thump the hound!
The hound is heavily wounded.
The hound closely misses you.
A necrophage comes into view.
The scorpion barely misses you. The hound barely misses you.
An ogre comes into view. It is wielding a +0 giant spiked club.
Unknown command.
You hit the hound but do no damage.
The hound is heavily wounded.
The hound bites you.
* * * LOW HITPOINT WARNING * * *
Something hits you but does no damage. The scorpion barely misses you.
The hound closely misses you. Something hits you.
* * * LOW HITPOINT WARNING * * *
The scorpion closely misses you.
You closely miss the hound.
The hound is heavily wounded.
The hound bites you but does no damage.
The scorpion stings you but does no damage.
Something hits you but does no damage. The hound bites you but does no damage.
Unknown command.
You miss the hound.
The hound is heavily wounded.
A jelly comes into view.
The scorpion stings you.
* * * LOW HITPOINT WARNING * * *
The hound bites you.
* * * LOW HITPOINT WARNING * * *
You hear some strange, mumbled words.
A puff of flame appears from out of thin air!
The puff of flame hits you.
You die...

..... #......
#..(.##.....
.......... #
#O......##
..##........###.
................
.....n..s.......
.J......@# .
!......h{####....
.$(.....S........
>........##......
.........# .....
.......).. #.>.
........... ..
.(......... .
...#.......#


You could see an ogre, a necrophage, a scorpion, a hound (drained), a jelly
(wandering) and an adder.

Vanquished Creatures
  An ogre (D:4)
  A jelly (D:4)
  2 orc priests
  2 orc wizards (D:4)
  4 gnolls
  3 adders (D:3)
  An ufetubus (D:2)
  2 dart slugs (D:2)
  9 orcs
  7 ball pythons
  10 endoplasms
  2 giant cockroaches (D:1)
  3 goblins
  6 hobgoblins
  2 jackals (D:1)
  4 quokkas (D:3)
  10 bats
  3 frilled lizards
  3 kobolds
  3 rats
78 creatures vanquished.

Notes
Turn   | Place    | Note
-------+----------+-------------------------------------------
     0 | D:1      | sizableburger the Mummy Hunter began the quest for the Orb.
     0 | D:1      | Reached XP level 1. HP: 16/16 MP: 1/1
   248 | D:1      | Reached XP level 2. HP: 15/22 MP: 2/2
   872 | D:2      | Reached XP level 3. HP: 21/28 MP: 3/3
  1269 | D:2      | Reached skill level 1 in Short Blades
  1277 | D:2      | Found a faded altar of an unknown god.
  1341 | D:2      | Found Otrua's Jewellery Shoppe.
  2194 | D:3      | Reached XP level 4. HP: 33/34 MP: 4/4
  2536 | D:3      | Reached skill level 1 in Armour
  2587 | D:3      | Reached skill level 1 in Staves
  2587 | D:3      | Reached XP level 5. HP: 41/41 MP: 5/5
  2592 | D:3      | Reached skill level 4 in Throwing
  2704 | D:3      | Found Wuh Sic's Assorted Antiques.
  3066 | D:3      | Found a hide-covered altar of Uskayaw.
  3220 | D:4      | Noticed an ogre
  3225 | D:4      | Killed an ogre
  3226 | D:4      | Reached XP level 6. HP: 48/48 MP: 6/6
  3290 | D:4      | Found a runed translucent gate.
  3293 | D:4      | Found a runed translucent gate.
  3294 | D:4      | Found a runed translucent gate.
  3294 | D:4      | Noticed Splishie's ghost (weakling GnWn)
  3577 | D:5      | Entered Level 5 of the Dungeon
  3596 | D:5      | Killed from afar by an orc wizard

Illustrated notes

Levels and vault maps discovered:
D:1:      amcnicky_arrival_underground_garden, layout_rooms,
          minmay_small_reverse_x
D:2:      layout_loops_ring, serial_shops, shop,
          shapermc_ecumenical_altar_totnotflames, hangedman_feature_mirror
D:3:      wad_river_or_something, layout_loops_cross, general_overflow_altar,
          serial_shops, shop
D:4:      layout_basic, minitemple, nicolae_wu_jian_wuxing_cycle, serial_curves,
          eino_curves_01, eino_curves_03, gammafunk_ghost_split
D:5:      layout_cave_pools, minmay_temple_entry_tees

Skill      XL: |  1  2  3  4  5  6 |
---------------+-------------------+-----
Short Blades   | 1 |  1.1
Fighting       | 3 |  3.9
Armour         | 1 2 |  2.1
Staves         | 1 2 |  2.0
Throwing       | 4 |  4.3
Maces & Flails | |  0.5
Dodging        | |  1.5
Stealth        | |  0.7

Action                   |  1- 3 |  4- 6 || total
-------------------------+-------+-------++-------
Melee: Short sword       |    17 |       ||    17
       Mace              |    17 |       ||    17
       Dagger            |    62 |       ||    62
       Quarterstaff      |     2 |    79 ||    81
Throw: Javelin           |    10 |    23 ||    33
       Dart              |       |    11 ||    11
       Throwing net      |       |     4 ||     4
  Use: Scroll            |     4 |     2 ||     6
 Stab: Sleeping          |     2 |       ||     2
Armor: Leather armour    |    41 |       ||    41
       Ring mail         |     7 |     7 ||    14
       Scale mail        |       |    37 ||    37
Dodge: Dodged            |    81 |    50 ||   131

Table legend: (Time is in decaauts)
 A = Elapsed time spent in this place.
 B = Non-inter-level travel time spent in this place.
 C = Inter-level travel time spent in this place.
 D = Time resting spent in this place.
 E = Time spent auto-exploring this place.
 F = Levels seen in this place.
 G = Mean time per level.
                   A        B        C        D        E       F      G
               +--------+--------+--------+--------+--------+-----+--------+
         Total |   3626 |   3319 |    307 |    717 |   1994 |   5 |  725.2 |
       Dungeon |   3626 |   3319 |    307 |    717 |   1994 |   5 |  725.2 |
               +--------+--------+--------+--------+--------+-----+--------+

Top non-repeatable levels by time:
     D:3: 1359 daAuts
     D:2: 952 daAuts
     D:1: 854 daAuts
     D:4: 440 daAuts
     D:5: 19 daAuts
